AoeStats
← aroz

Lombardia

510154536Analyzed
3v3 RM · 4d ago on Sep 29, 2026· 30m 1s· 6 players
Game mode
Random Map
Map size
Normal (6 player)
Population
200
Speed
Normal
Resources
Standard
Victory
Conquest
Starting age
Dark Age
Ending age
Imperial Age
RankedLock teamsTeams togetherTeam positionsShared explorationLock speedFull tech treeHidden civsTurbo modeCheats
Victory
Defeat
🇪🇸 Berbers · Spain
1409
+16
🇪🇸 Varangians · Spain
1407
+16
🇪🇸 Poles · Spain
1324
+20
🇳🇱 Varangians · Netherlands
1425
-18
🇳🇱 Saxons · Netherlands
1406
-17
🇳🇱 Danes · Netherlands
1396
-17
javi588
11:44 Feudal Age
10:25 Loom
13:36 Double-Bit Axe
15:57 Castle Age
15:26 Fletching
16:45 Horse Collar
28:41 Bodkin Arrow
28:49 Heavy Plow
aroz
6:51 Loom
9:33 Feudal Age
10:23 Double-Bit Axe
11:42 Horse Collar
16:45 Wheelbarrow
19:25 Castle Age
18:32 Gold Mining
19:51 Bloodlines
19:49 Scale Barding Armor
19:55 Forging
20:27 Husbandry
20:51 Chain Barding Armor
30:34 Iron Casting
froz
7:03 Loom
9:21 Feudal Age
10:03 Double-Bit Axe
10:36 Horse Collar
17:27 Castle Age
15:57 Scale Barding Armor
15:56 Gold Mining
17:26 Bloodlines
18:15 Husbandry
18:41 Forging
21:04 Bow Saw
22:55 Chain Barding Armor
[C4LL] BlackBull ~The Tortoise
11:24 Feudal Age
12:39 Town Watch
15:17 Castle Age
13:04 Double-Bit Axe
12:59 Horse Collar
20:39 Fortified Wall
23:31 Fletching
25:10 Loom
26:01 Wheelbarrow
25:38 Bodkin Arrow
26:30 Wheelbarrow
[C4LL] Djed
9:17 Loom
11:03 Feudal Age
15:26 Castle Age
14:25 Double-Bit Axe
14:20 Horse Collar
16:13 Heavy Plow
16:26 Bow Saw
20:08 Fletching
20:19 Padded Archer Armor
22:53 Bodkin Arrow
28:38 Ballistics
[C4LL] Vicemastah
5:18 Loom
12:01 Feudal Age
16:05 Castle Age
13:58 Horse Collar
14:07 Double-Bit Axe
15:00 Horse Collar
19:51 Wheelbarrow
20:28 Bow Saw
28:13 Fletching
Connection lost

Rejoining the realm…

Still unreachable

The connection could not be restored.

Session expired

The server has moved on; the page needs a fresh start.